 Dungeon Crawl Stone Soup version 0.19.0-11-g3fc08b3 (webtiles) character file.

572839 octopushugs the Minotaur Barricade (level 25, -4/247 (251) HPs)
             Began as a Minotaur Fighter on Nov 7, 2016.
             Was the Champion of the Shining One.
             Engulfed by an ushabti's foul pestilence (10 damage)
             ... on level 1 of the Tomb of the Ancients on Nov 8, 2016.
             The game lasted 03:34:22 (52554 turns).

octopushugs the Minotaur Barricade (MiFi)          Turns: 52554, Time: 03:34:25

HP:   -4/247 (251)  AC: 23    Str: 37    XL:     25   Next: 69%
MP:   22/22         EV: 27    Int:  1    God:    the Shining One [******]
Gold: 3724          SH: 27    Dex: 27    Spells: 0 memorised, 24 levels left

rFire  x . .     SeeInvis +     a - +9 long sword (holy)
rCold  + + +     Gourm    .     m - +0 chain mail of Valiance {rPois rC+ Str+2 Dex+2}
rNeg   + + +     Faith    .     b - +5 shield of Ducuogag {Str+6 Int-5 Slay+3 SInv}
rPois  +         Spirit   .     d - +0 hat {SInv}
rElec  +         Reflect  .     y - +2 cloak
rCorr  .         Harm     .     M - +2 pair of gloves
MR     +....     Rnd*Tele +     Y - +2 pair of boots {Fly}
Stlth  ..........               B - amulet of regeneration
                                L - ring "Quetobor" {+Fly rC++ Dex+2 Slay+2 Stlth-}
                                u - ring "Xonter" {rPois rF- rN++ Str+4 Dex+4}

@: lethally poisoned (-4 -> -5), flying, slowed, glowing, very slow
A: retaliatory headbutt, beak, horns 2, repulsion field 1, see invisible,
deformed body, low mp 1, sense surroundings 1, poison resistance, shaggy fur 1,
electricity resistance, strong 1, teleportitis 1, subdued magic 1
a: Divine Shield, Cleansing Flame, Summon Divine Warrior, Renounce Religion,
Stop Flying
}: 3/15 runes: serpentine, barnacled, silver


You were on level 1 of the Tomb of the Ancients.
You worshipped the Shining One.
The Shining One was exalted by your worship.
You were not hungry.

You visited 10 branches of the dungeon, and saw 46 of its levels.
You visited the Abyss 2 times.
You also visited: Ossuary and Ice Cave.

You collected 5564 gold pieces.
You spent 1840 gold pieces at shops.

Inventory:

Hand Weapons
 a - a +9 long sword of holy wrath (weapon)
Armour
 b - the +5 shield of Ducuogag (worn) {Str+6 Int-5 Slay+3 SInv}
   (You took it off Donald on level 3 of the Vaults)

   It affects your strength (+6).
   It affects your intelligence (-5).
   It affects your accuracy and damage with ranged weapons and melee attacks
   (+3).
   It lets you see invisible.
 d - a +0 hat of see invisible (worn)
 m - the +0 chain mail of Valiance (worn) {rPois rC+ Str+2 Dex+2}
   (You found it on level 3 of the Vaults)

   It affects your strength (+2).
   It affects your dexterity (+2).
   It protects you from cold.
   It protects you from poison.
 y - a +2 cloak (worn)
 M - a +2 pair of gloves (worn)
 Y - a +2 pair of boots of flying (worn)
Jewellery
 s - the ring "Doikk" {rF++ MP-9 EV+3 Int+3 Stlth+}
   (You found it on level 4 of the Lair of Beasts)

   [ring of evasion]

   It affects your evasion (+3).
   It affects your intelligence (+3).
   It greatly protects you from fire.
   It affects your magic capacity (-9).
   It makes you more stealthy.
 u - the ring "Xonter" (left hand) {rPois rF- rN++ Str+4 Dex+4}
   (You bought it in a shop on level 2 of the Orcish Mines)

   [ring of poison resistance]

   It affects your strength (+4).
   It affects your dexterity (+4).
   It makes you vulnerable to fire.
   It protects you from poison.
   It greatly protects you from negative energy.
 B - an amulet of regeneration (around neck)
 L - the ring "Quetobor" (right hand) {+Fly rC++ Dex+2 Slay+2 Stlth-}
   (You found it on level 5 of the Depths)

   [ring of loudness]

   It affects your dexterity (+2).
   It affects your accuracy and damage with ranged weapons and melee attacks
   (+2).
   It greatly protects you from cold.
   It lets you fly.
   It makes you less stealthy.
 V - the ring of Oveluaru {rCorr SInv}
   (You found it on level 4 of the Shoals)

   [ring of resist corrosion]

   It lets you see invisible.
Wands
 h - a wand of lightning (8/15)
 z - a wand of heal wounds (7/9)
 E - a wand of lightning (5/15)
 G - a wand of digging (16/24)
 H - a wand of acid (14/15)
 N - a wand of digging (10/24)
 P - a wand of teleportation (4/9)
 Q - a wand of iceblast (7/15)
 S - a wand of teleportation (2/9)
 X - a wand of iceblast (5/15)
Scrolls
 e - 27 scrolls of remove curse
 i - 2 scrolls of brand weapon
 k - 7 scrolls of teleportation
 p - 10 scrolls of magic mapping
 t - 5 scrolls of fear
 v - 9 scrolls of identify
 I - 7 scrolls of fog
 U - 5 scrolls of enchant weapon
 W - 2 scrolls of silence
Potions
 q - 7 potions of curing
 r - 3 potions of heal wounds
 x - 3 potions of resistance
 F - a potion of cancellation
 O - 6 potions of haste
 Z - a potion of agility
Miscellaneous
 c - a phial of floods
 g - a disc of storms
 A - a lamp of fire (inert)
 J - a phantom mirror
 T - a disc of storms
Comestibles
 f - 30 bread rations
 j - 24 meat rations
 l - 18 slices of pizza
 n - 11 fruits
 o - 4 chunks of flesh
 C - 3 royal jellies
 D - 7 beef jerkies


   Skills:
 + Level 25.6 Fighting
   Level 2.1(17.5) Short Blades
 O Level 27 Long Blades
 + Level 18.8 Armour
 + Level 15.3 Dodging
 + Level 4.9 Stealth
 O Level 27 Shields
 + Level 0.8 Invocations
 + Level 3.6 Evocations


You had 24 spell levels left.
You didn't know any spells.

Dungeon Overview and Level Annotations

Branches:
Dungeon (15/15)            Temple (1/1) D:6            Lair (6/6) D:9
 Shoals (4/4) Lair:2        Snake (4/4) Lair:2        Slime (0/5) Lair:5
    Orc (2/2) D:11            Elf (0/3) Orc:2        Vaults (5/5) D:13
  Crypt (3/3) Vaults:3       Tomb (1/3) Crypt:3      Depths (5/5) D:15
    Zot (0/5) Depths:5

Altars:
Ashenzari
Cheibriados
Dithmenos
Elyvilon
Fedhas
Gozag
Hepliaklqana
Kikubaaqudgha
Makhleb
Nemelex Xobeh
Okawaru
Qazlal
Ru
Sif Muna
Trog
Uskayaw
Vehumet
Xom
Yredelemnul
Zin
The Shining One
Lugonu

Shops:
Orc:2 =*[(   Snake:1 *=}}   Snake:3 !   Vaults:1 ::   Vaults:2 [   Vaults:4 (
Depths:5 *

Portals:
Hell: Depths:1 Depths:2 Depths:3 Depths:4 Depths:5
Abyss: Depths:1 Depths:4
Pandemonium: Depths:3
Ziggurat: Depths:1


Innate Abilities, Weirdness & Mutations

You reflexively headbutt those who attack you in melee.
You have a pair of horns on your head.
You have a beak for a mouth.
You are surrounded by a mild repulsion field. (EV +2)
You have supernaturally acute eyesight. (SInv)
Armour fits poorly on your strangely shaped body.
Your magical capacity is low. (-10% MP)
You passively map a small area around you.
Your system is resistant to poisons. (rPois)
You are covered in fur. (AC +1)
You are resistant to electric shocks. (rElec)
Your muscles are strong. (Str +2)
You are occasionally teleported next to monsters.
Your spells are a little easier to cast, but a little less powerful.


Message History

The emperor scorpion misses you.
You hit the emperor scorpion but do no damage.
Your headbutt misses the emperor scorpion.
You peck the emperor scorpion, but do no damage.
You feel sick.
The ushabti shakes and rattles.
The vile air hits you!
* * * LOW HITPOINT WARNING * * *
The emperor scorpion stings you!
* * * LOW HITPOINT WARNING * * *
The emperor scorpion barely misses you.
The emperor scorpion closely misses you.
You carve the emperor scorpion like a ham!!!
You headbutt the emperor scorpion, but do no damage.
You peck the emperor scorpion.
The emperor scorpion is heavily wounded.
You are engulfed in dark miasma.
You feel your flesh rotting away!
You feel as though you will be slow longer.
You die...

###########################
#..........................
#........s@§...§.8.........
#..........................
#../.......................
#..........................
#..........................
#..........................
#..........................
#..........................
#........s.................


You could see an emperor scorpion and an ushabti.

Vanquished Creatures
  An ancient lich (Crypt:3)
  A greater mummy (Tomb:1)
  Sojobo (Depths:4)
  Boris (Crypt:2)
  Bai Suzhen (Crypt:2)
  Saint Roka (Snake:4)
  Xtahua (Depths:4)
  Vashnia (Snake:3)
  Margery (Depths:4)
  2 golden dragons (Vaults:5)
  the Enchantress (Depths:4)
  Nikola (Depths:2)
  3 bone dragons
  A profane servitor (Abyss:3)
  5 liches
  Jorgrun (Vaults:1)
  A tentacled monstrosity (Vaults:5)
  3 titans (Vaults:5)
  5 ancient champions
  2 krakens (Shoals:2)
  8 sphinxes
  The ghost of SaltIsReal the Shatterer, an adept OgAK of Lugonu (Shoals:1)
  2 tentacled starspawn (Abyss:2)
  An eldritch tentacle (Vaults:4)
  Polyphemus (Shoals:3)
  9 shadow dragons
  Ilsuiw (Shoals:4)
  4 tengu reavers
  9 storm dragons
  7 revenants
  An azure jelly (shapeshifter) (Vaults:5)
  Donald (Vaults:3)
  11 nagarajas
  An iron dragon (Vaults:5)
  7 fire giants
  A draconian knight (Depths:5)
  17 frost giants
  3 orc warlords
  3 deep elf sorcerers
  14 vault wardens
  A draconian scorcher (Depths:5)
  A curse skull (Crypt:3)
  4 ghouls
  3 spriggan defenders (Depths:4)
  A deep elf elementalist (Vaults:5)
  A reaper (Crypt:2)
  17 stone giants
  23 very ugly things
  2 war gargoyles (Vaults:5)
  10 vampire knights
  19 ironheart preservers
  A green draconian (Depths:5)
  A draconian caller (Depths:5)
  2 deep elf demonologists
  2 deep elf annihilators (Vaults:5)
  A mottled draconian (Depths:5)
  2 white draconians (Depths:5)
  10 spark wasps
  9 merfolk javelineers
  7 deep elf death magi
  3 eidola
  22 ettins
  A mummy priest (Tomb:1)
  8 merfolk impalers
  7 great orbs of eyes
  11 fire dragons
  A blizzard demon (Depths:3)
  3 deep elf high priests (Vaults:5)
  19 yaktaur captains
  17 ogre magi
  6 jiangshi
  27 vault guards
  2 rakshasas
  6 ice dragons
  A quicksilver dragon skeleton (Crypt:1)
  18 naga warriors
  Harold (Lair:2)
  2 spriggan air magi
  4 hydras
  2 alligator snapping turtles
  6 death knights
  Erica (D:8)
  7 anacondas
  11 centaur warriors
  7 merfolk avatars
  A catoblepas (Shoals:3)
  9 merfolk aquamancers (Shoals:4)
  8 deep troll shamans
  3 satyrs (Shoals:4)
  6 vampire magi
  4 spriggan berserkers
  4 tengu warriors
  3 thrashing horrors (Abyss:2)
  6 death yaks
  6 orc high priests
  6 deep troll earth magi
  A hell hog (shapeshifter) (Vaults:3)
  5 shock serpents
  2 soul eaters (Crypt:3)
  A wretched star (Abyss:3)
  A sun demon (Depths:3)
  7 deep elf knights
  A fire crab (shapeshifter) (Vaults:1)
  19 naga sharpshooters
  4 titan skeletons
  2 sixfirhies
  2 salamander mystics
  A storm dragon skeleton (Crypt:1)
  An anaconda zombie (Crypt:3)
  62 skeletal warriors
  6 shadow wraiths
  2 iron trolls (Depths:3)
  11 hell knights
  28 deep trolls
  4 unseen horrors
  6 glowing orange brains
  An orange crystal statue (Vaults:4)
  6 naga ritualists
  14 sea snakes
  35 harpies
  5 flayed ghosts
  9 deep elf archers
  10 ironbrand convokers
  7 hill giants
  9 phantasmal warriors
  A harpy (shapeshifter) (Vaults:5)
  A shadow dragon zombie (Crypt:1)
  19 orc knights
  9 wizards
  An iron giant skeleton (Crypt:1)
  8 wolf spiders
  14 necromancers
  57 ugly things
  2 golden dragon skeletons
  5 mana vipers
  4 anaconda skeletons
  2 shadow dragon skeletons (Crypt:3)
  A tengu skeleton (Vaults:2)
  26 deep elf magi
  2 fauns
  9 orc sorcerers
  A salamander (shapeshifter) (Vaults:3)
  14 manticores
  12 salamanders
  2 worldbinders
  4 cyclopes
  2 fire giant zombies
  2 frost giant zombies
  An oklob plant (Shoals:1)
  A sphinx skeleton (Depths:4)
  4 guardian serpents
  Joseph (D:8)
  7 sirens
  A stone giant skeleton (Crypt:3)
  29 black mambas
  4 iron dragon skeletons
  5 water nymphs
  An apocalypse crab (Abyss:3)
  24 naga magi
  3 smoke demons
  A rust devil (Depths:3)
  16 vault sentinels
  2 ice statues (IceCv)
  2 shock serpent skeletons
  A dire elephant skeleton (Crypt:1)
  A fire giant skeleton (Crypt:3)
  A frost giant skeleton (Vaults:1)
  3 spiny frogs
  A hellion (Abyss:3)
  74 yaktaurs
  A kobold demonologist (D:15)
  A komodo dragon (shapeshifter) (Depths:2)
  4 komodo dragons
  4 efreet
  A demonic crawler (Abyss:2)
  A white draconian zombie (Crypt:3)
  3 ice devils
  15 freezing wraiths
  A golden dragon simulacrum (Depths:4)
  10 guardian mummies
  3 meliai (shapeshifter)
  A troll (shapeshifter) (Depths:1)
  A purple draconian skeleton (Crypt:3)
  3 tengu conjurers
  4 trolls
  40 merfolk
  3 meliai (D:13)
  A yellow draconian skeleton (Crypt:3)
  A jumping spider (shapeshifter) (Vaults:1)
  8 hornets
  An ancient zyme (Abyss:3)
  25 two-headed ogres
  A queen ant zombie (Crypt:1)
  6 polar bears (Lair:6)
  The ghost of Zigma the Changer, an amateur DrTm (D:4)
  3 hornets (shapeshifter)
  31 slime creatures
  2 raiju (Abyss:2)
  An ice dragon zombie (Crypt:1)
  2 dream sheep (Shoals:2)
  A blink frog (shapeshifter) (Depths:4)
  8 snapping turtles
  10 hippogriffs
  7 wind drakes
  3 ettin zombies
  A hippogriff (shapeshifter) (Vaults:4)
  3 air elementals (Depths:3)
  2 ettin skeletons (Crypt:3)
  A stone giant simulacrum (Crypt:2)
  20 blink frogs
  A centaur simulacrum (D:14)
  A fire dragon skeleton (Abyss:3)
  2 fire giant simulacra
  A ynoxinul (Abyss:2)
  A shadow (D:10)
  6 water elementals
  9 flying skulls (Crypt:3)
  2 ice dragon skeletons (Crypt:3)
  14 spriggans
  A tarantella (shapeshifter) (D:15)
  11 wraiths
  A yak (shapeshifter) (Depths:1)
  A hog (Depths:2)
  An ushabti (Tomb:1)
  A basilisk (D:13)
  A hog (shapeshifter) (Vaults:3)
  22 humans
  66 yaks
  A redback (Lair:6)
  A steam dragon (D:11)
  5 wyverns
  A black mamba skeleton (Crypt:3)
  A chaos spawn (Abyss:3)
  A mottled dragon (D:14)
  3 hungry ghosts
  7 vampire mosquitoes
  11 wargs
  A swamp worm (shapeshifter) (Vaults:5)
  A deep troll zombie (Vaults:2)
  2 soldier ants (shapeshifter)
  An insubstantial wisp (Depths:2)
  Menkaure (D:7)
  3 large abominations
  42 nagas
  2 elf skeletons (Vaults:1)
  10 water moccasins
  Duvessa (D:7)
  A hydra simulacrum (Crypt:2)
  40 orc warriors
  7 porcupines
  2 spiny frog skeletons (Crypt:3)
  A swamp drake (shapeshifter) (Vaults:2)
  4 black bears
  An eye of draining (shapeshifter) (Vaults:3)
  3 ettin simulacra (Depths:3)
  8 ice beasts
  A manticore zombie (Crypt:1)
  4 sky beasts
  A black bear (shapeshifter) (Vaults:5)
  A lindwurm zombie (Crypt:3)
  3 necrophages
  69 ogres
  An eye of draining (D:14)
  A snapping turtle zombie (Crypt:2)
  32 wolves
  31 boggarts
  2 phantoms
  16 centaurs
  A snapping turtle skeleton (Crypt:3)
  17 crocodiles
  2 big kobolds
  21 bullfrogs
  A wyvern zombie (D:6)
  Dowan (D:7)
  A spiny frog simulacrum (Crypt:2)
  2 human skeletons
  A wyvern skeleton (Crypt:1)
  A yaktaur skeleton (Vaults:1)
  A komodo dragon skeleton (Crypt:1)
  15 scorpions
  5 small abominations
  A yak zombie (Crypt:2)
  A raiju zombie (Crypt:2)
  8 killer bees
  3 vampire bats
  42 wights
  2 howler monkeys
  4 crimson imps
  7 centaur zombies
  3 bullfrog zombies
  3 quasits
  8 hounds
  5 human zombies
  21 orc priests
  17 jellies
  27 orc wizards
  2 bullfrog skeletons
  4 centaur skeletons
  4 iguanas
  A black bear skeleton (Crypt:2)
  13 worker ants
  A mottled dragon zombie (Crypt:1)
  A killer bee zombie (D:7)
  A crocodile zombie (Crypt:1)
  A naga zombie (Crypt:2)
  A hound skeleton (D:7)
  13 mummies
  2 worker ant zombies
  4 gnolls (D:4)
  A howler monkey skeleton (D:10)
  9 adders
  2 scorpion zombies (Ossuary)
  A swamp drake zombie (Crypt:3)
  5 shadow imps
  An ooze (D:1)
  An ufetubus (Abyss:2)
  An iguana skeleton (Crypt:3)
  A worm (D:4)
  A ball lightning (Vaults:4)
  4 dart slugs
  5 leopard geckos
  101 orcs
  4 ball pythons
  14 bats
  A bat skeleton (Crypt:1)
  7 giant cockroaches
  2 gnoll zombies (Ossuary)
  7 goblins
  11 hobgoblins
  14 jackals
  18 kobolds
  3 quokkas
  A frilled lizard (shapeshifter) (Vaults:5)
  A frilled lizard (D:2)
  4 goblin zombies (Ossuary)
  3 hobgoblin zombies (Ossuary)
  2 kobold zombies
  An orc skeleton (Crypt:3)
  3 orc zombies (Ossuary)
  5 rats
  A rat zombie (Crypt:1)
  3 crawling corpses
  A starspawn tentacle (Abyss:2)
  6 tentacles (Shoals:2)
2360 creatures vanquished.

Vanquished Creatures (others)
  A sphinx (Tomb:1)
  An ettin (Vaults:5)
  A deep elf death mage (Crypt:2)
  An ogre mage (Depths:2)
  A wolf spider (Depths:2)
  A naga mage (Snake:4)
  A yaktaur (Vaults:1)
  A porcupine (Depths:2)
  3 ogres
  A mummy (Ossuary)
  An ufetubus (Abyss:3)
  2 orcs
  5 fungi
  9 plants
  5 starspawn tentacles (Abyss:2)
  6 tentacles (Shoals:2)
40 creatures vanquished.

Grand Total: 2400 creatures vanquished

Notes
Turn   | Place    | Note
-------+----------+-------------------------------------------
     0 | D:1      | octopushugs the Minotaur Fighter began the quest for the Orb.
     0 | D:1      | Reached XP level 1. HP: 19/19 MP: 0/0
   104 | D:1      | Reached XP level 2. HP: 27/27 MP: 1/1
   284 | D:1      | Reached XP level 3. HP: 33/33 MP: 2/2
   618 | D:1      | Gained mutation: You are somewhat resistant to further mutation. [potion of mutation]
   618 | D:1      | Gained mutation: You are clumsy. (Dex -2) [potion of mutation]
   644 | D:2      | Found a shadowy altar of Dithmenos.
   946 | D:2      | Reached XP level 4. HP: 40/40 MP: 3/3
  1079 | D:2      | Found a glowing silver altar of Zin.
  1896 | D:4      | Reached XP level 5. HP: 36/46 MP: 4/4
  1932 | D:4      | Noticed Zigma's ghost (amateur DrTm)
  1938 | D:4      | Killed Zigma's ghost
  1938 | D:4      | Reached skill level 5 in Long Blades
  1938 | D:4      | Reached skill level 5 in Armour
  1938 | D:4      | Reached skill level 5 in Shields
  1938 | D:4      | Reached XP level 6. HP: 46/53 MP: 5/5
  1994 | D:4      | Got a smoking ring mail
  2005 | D:4      | Identified the cursed +0 ring mail "Qumoif" {+Blink rElec Str+3} (You found it on level 4 of the Dungeon)
  2128 | D:4      | Found a basalt altar of Yredelemnul.
  2213 | D:4      | Reached skill level 1 in Dodging
  2287 | D:4      | Reached XP level 7. HP: 51/60 MP: 6/6
  2989 | D:5      | Entered Level 5 of the Dungeon
  3046 | D:5      | Found a bloodstained altar of Trog.
  3548 | D:5      | Found a sand-covered staircase.
  3556 | Ossuary  | Entered an ossuary
  3594 | Ossuary  | Reached skill level 5 in Fighting
  3712 | Ossuary  | Reached XP level 8. HP: 40/68 MP: 7/7
  3843 | Ossuary  | Identified a scroll of acquirement
  4746 | D:6      | Reached XP level 9. HP: 21/75 MP: 8/8
  4856 | D:6      | Found a staircase to the Ecumenical Temple.
  4864 | Temple   | Entered the Ecumenical Temple
  4975 | D:6      | Found a glowing golden altar of the Shining One.
  4988 | D:6      | Became a worshipper of the Shining One
  5297 | D:6      | Found a hazy altar of Hepliaklqana.
  5437 | D:7      | Noticed Menkaure
  5448 | D:7      | Killed Menkaure
  5448 | D:7      | Reached skill level 1 in Stealth
  5541 | D:7      | Found a stormy altar of Qazlal.
  5541 | D:7      | Found a snail-covered altar of Cheibriados.
  5541 | D:7      | Found a shattered altar of Ashenzari.
  5679 | D:7      | Found an iron altar of Okawaru.
  5680 | D:7      | Found a radiant altar of Vehumet.
  5725 | D:7      | Found a white marble altar of Elyvilon.
  5934 | D:7      | Noticed Duvessa
  5934 | D:7      | Noticed Dowan
  5947 | D:7      | Killed Duvessa
  5954 | D:7      | Killed Dowan
  5954 | D:7      | Reached skill level 10 in Long Blades
  6164 | D:8      | Gained mutation: You are partially covered in large bone plates. (SH +4) [potion of mutation]
  6164 | D:8      | Gained mutation: You are weak. (Str -2) [potion of mutation]
  6164 | D:8      | Gained mutation: You are very weak. (Str -4) [potion of mutation]
  6328 | D:8      | Found a shimmering altar of Xom.
  6334 | D:8      | Reached * piety under the Shining One
  6388 | D:8      | Noticed Erica
  6401 | D:8      | Killed Erica
  6401 | D:8      | Reached XP level 10. HP: 81/88 MP: 9/9
  6847 | D:8      | Noticed Joseph
  6889 | D:8      | Killed Joseph
  7343 | D:9      | Noticed a deep elf mage
  7348 | D:9      | Killed a deep elf mage
  7348 | D:9      | Reached skill level 10 in Shields
  7413 | D:9      | Found a staircase to the Lair.
  7465 | D:9      | Found a bloodstained altar of Trog.
  7490 | D:9      | Reached skill level 5 in Dodging
  7503 | D:9      | Reached ** piety under the Shining One
  7536 | D:9      | Found an opulent altar of Gozag.
  7711 | D:10     | Entered Level 10 of the Dungeon
  7805 | D:10     | Reached XP level 11. HP: 95/95 MP: 10/10
  7903 | D:10     | Noticed a hill giant
  7910 | D:10     | Killed a hill giant
  8333 | D:10     | Reached *** piety under the Shining One
  8424 | Lair:1   | Entered Level 1 of the Lair of Beasts
  8568 | Lair:1   | Found a frozen archway.
  8612 | IceCv    | Entered an ice cave
  8612 | IceCv    | Noticed a white ugly thing
  8625 | IceCv    | Killed a brown ugly thing
  8655 | IceCv    | Got a brightly glowing dagger
  8660 | IceCv    | Noticed a white ugly thing
  8665 | IceCv    | Killed a white ugly thing
  9447 | Lair:2   | Reached skill level 10 in Fighting
  9450 | Lair:2   | Reached XP level 12. HP: 30/106 MP: 11/11
  9495 | Lair:2   | HP: 4/106 [blink frog (9)]
  9893 | Lair:2   | Noticed a seven-headed hydra
  9895 | Lair:2   | Identified the cursed +3 dagger of Lucze {speed, MR++ Str+4 Int+2} (You found it in an ice cave)
  9907 | Lair:2   | Killed a seven-headed hydra
 10077 | Lair:2   | Noticed Harold
 10104 | Lair:2   | Killed Harold
 10350 | Lair:2   | Reached skill level 1 in Short Blades
 10447 | Lair:2   | Found a staircase to the Snake Pit.
 10641 | Lair:2   | Found a staircase to the Shoals.
 10866 | Lair:3   | Reached **** piety under the Shining One
 11441 | Lair:3   | Lost mutation: You are clumsy. (Dex -2) [potion of beneficial mutation]
 11871 | Lair:4   | Noticed an eight-headed hydra
 11886 | Lair:4   | Killed a nine-headed hydra
 12197 | Lair:4   | Got a scorched granite ring
 12350 | Lair:4   | Noticed an eight-headed hydra
 12358 | Lair:4   | Killed an eight-headed hydra
 12510 | Lair:4   | Identified the ring "Doikk" {rF++ MP-9 EV+3 Int+3 Stlth+} (You found it on level 4 of the Lair of Beasts)
 12636 | Lair:5   | Found a staircase to the Slime Pits.
 13023 | Lair:5   | Lost mutation: You are very weak. (Str -4) [potion of mutation]
 13240 | Lair:6   | Entered Level 6 of the Lair of Beasts
 13269 | Lair:6   | Reached XP level 13. HP: 68/116 MP: 3/12
 13657 | Lair:6   | Reached skill level 15 in Shields
 14131 | Lair:6   | Reached skill level 15 in Long Blades
 14733 | D:11     | Reached ***** piety under the Shining One
 14866 | D:11     | Found an ancient bone altar of Kikubaaqudgha.
 15114 | D:11     | Found a staircase to the Orcish Mines.
 15247 | Orc:1    | Entered Level 1 of the Orcish Mines
 15287 | Orc:1    | Reached XP level 14. HP: 115/127 MP: 4/13
 15355 | Orc:1    | Paralysed by an orc sorcerer for 3 turns
 15361 | Orc:1    | Noticed an orc warlord
 15837 | Orc:1    | Killed an orc warlord
 16178 | Orc:2    | Entered Level 2 of the Orcish Mines
 16178 | Orc:2    | Found a staircase to the Elven Halls.
 16187 | Orc:2    | The Shining One protects you from harm!
 16637 | Orc:2    | Found a radiant altar of Vehumet.
 16717 | Orc:2    | Noticed an orc warlord
 17226 | Orc:1    | Killed an orc warlord
 17226 | Orc:1    | Reached skill level 10 in Dodging
 17226 | Orc:1    | Reached skill level 1 in Evocations
 17807 | Orc:2    | Found Piutak's General Store.
 17808 | Orc:2    | Found Elyrch's Jewellery Emporium.
 17809 | Orc:2    | Found Ukhoxkey's Antique Armour Emporium.
 17809 | Orc:2    | Found Bucifruh's Antique Weapon Shoppe.
 17824 | Orc:2    | Bought the ring "Xonter" {rPois rF- rN++ Str+4 Dex+4} for 709 gold pieces
 17824 | Orc:2    | Bought an uncursed amulet of regeneration for 450 gold pieces
 18079 | D:12     | Reached ****** piety under the Shining One
 18226 | D:12     | Found an iron altar of Okawaru.
 18822 | D:6      | Identified a +8 long sword of holy wrath (a +6 long sword of flaming blessed by the Shining One)
 18822 | D:6      | Received a gift from the Shining One
 19517 | D:13     | Reached XP level 15. HP: 82/136 MP: 5/14
 19531 | D:13     | Reached skill level 10 in Armour
 19658 | D:13     | Found a gate to the Vaults.
 20561 | D:15     | Entered Level 15 of the Dungeon
 20637 | D:15     | Found a staircase to the Depths.
 21476 | D:15     | Lost mutation: You are weak. (Str -2) [potion of cure mutation]
 21476 | D:15     | Lost mutation: You are somewhat resistant to further mutation. [potion of cure mutation]
 21476 | D:15     | Lost mutation: You are partially covered in large bone plates. (SH +4) [potion of cure mutation]
 21766 | Snake:1  | Entered Level 1 of the Snake Pit
 21766 | Snake:1  | Found Vieloqeh's General Store.
 21779 | Snake:1  | Bought a scroll of acquirement for 572 gold pieces
 21779 | Snake:1  | Bought a potion of mutation for 27 gold pieces
 21779 | Snake:1  | Bought a scroll of enchant armour for 82 gold pieces
 21780 | Snake:1  | Got smoking steam dragon scales
 21791 | Snake:1  | Identified the +1 steam dragon scales "Odeps" {Int+4} (You acquired it on level 1 of the Snake Pit)
 22120 | Snake:1  | Gained mutation: You are occasionally teleported next to monsters. [potion of mutation]
 22120 | Snake:1  | Gained mutation: You are clumsy. (Dex -2) [potion of mutation]
 22120 | Snake:1  | Gained mutation: You regenerate slowly when monsters are visible. [potion of mutation]
 22347 | Snake:1  | Found Buoci's Gadget Emporium.
 22349 | Snake:1  | Found Zojaehes's Jewellery Shop.
 22350 | Snake:1  | Found Xavatooh's Gadget Emporium.
 22732 | Snake:2  | Noticed a nagaraja
 22744 | Snake:2  | Killed a nagaraja
 22861 | Snake:2  | Reached XP level 16. HP: 107/147 MP: 6/15
 22991 | Snake:2  | Gained mutation: You are surrounded by a mild repulsion field. (EV +2) [mutagenic meat]
 22992 | Snake:2  | Gained mutation: Armour fits poorly on your strangely shaped body. [mutagenic meat]
 22993 | Snake:2  | Gained mutation: You are resistant to electric shocks. (rElec) [mutagenic meat]
 22994 | Snake:2  | Lost mutation: You are clumsy. (Dex -2) [mutagenic meat]
 22995 | Snake:2  | Gained mutation: Your system is resistant to poisons. (rPois) [mutagenic meat]
 23610 | Snake:2  | Reached skill level 15 in Fighting
 23827 | Snake:3  | Found Upnasmoi's Distillery.
 24490 | Snake:4  | Entered Level 4 of the Snake Pit
 24798 | Snake:4  | Noticed Saint Roka
 25057 | Snake:4  | Noticed Vashnia
 25081 | Snake:4  | HP: 3/149 [naga sharpshooter/bolt (29)]
 25991 | Snake:3  | Killed Vashnia
 26126 | Snake:4  | Reached XP level 17. HP: 117/157 MP: 8/17
 26277 | Snake:4  | The Shining One protects you from harm!
 26922 | Snake:4  | Killed Saint Roka
 27579 | Snake:4  | Got a serpentine rune of Zot
 27955 | Depths:1 | Entered Level 1 of the Depths
 28163 | Depths:1 | Gained mutation: Your spells are a little easier to cast, but a little less powerful. [mutagenic meat]
 28164 | Depths:1 | Gained mutation: You have a beak for a mouth. [mutagenic meat]
 28165 | Depths:1 | Gained mutation: You are frail. (-10% HP) [mutagenic meat]
 28167 | Depths:1 | Gained mutation: You passively map a small area around you. [mutagenic meat]
 28168 | Depths:1 | Gained mutation: You have supernaturally acute eyesight. (SInv) [mutagenic meat]
 28170 | Depths:1 | Lost mutation: You regenerate slowly when monsters are visible. [mutagenic meat]
 28174 | Depths:1 | Lost mutation: You are frail. (-10% HP) [mutagenic meat]
 28178 | Depths:1 | Gained mutation: You are covered in fur. (AC +1) [mutagenic meat]
 28179 | Depths:1 | Gained mutation: Your magical capacity is low. (-10% MP) [mutagenic meat]
 28236 | Depths:1 | Found a one-way gate to the infinite horrors of the Abyss.
 28380 | Depths:1 | Found a gateway to a ziggurat.
 28413 | Depths:1 | Found a gateway to Hell.
 28811 | Depths:1 | Gained mutation: Your muscles are strong. (Str +2) [mutagenic meat]
 29087 | Depths:2 | Reached XP level 18. HP: 168/168 MP: 8/17
 29212 | Depths:2 | Noticed Nikola
 29262 | Depths:2 | Killed Nikola
 29782 | Depths:2 | Identified the Incunabulum of Changing
 29926 | Depths:2 | Paralysed by a great orb of eyes for 5 turns
 30139 | Depths:3 | Found a one-way gate leading to the halls of Pandemonium.
 31777 | Depths:3 | Upgraded the game from 0.19.0-9-gfd783f2 to 0.19.0-11-g3fc08b3
 31826 | Depths:3 | Reached XP level 19. HP: 122/179 MP: 9/18
 31958 | Depths:4 | Noticed Xtahua
 31977 | Depths:4 | Killed Xtahua
 32026 | Depths:4 | Noticed the Enchantress
 32079 | Depths:4 | Noticed Margery
 32477 | Vaults:1 | Entered Level 1 of the Vaults
 32481 | Vaults:1 | Found Soraitz's Book Boutique.
 33431 | Vaults:1 | Found a blossoming altar of Fedhas.
 33487 | Vaults:1 | Found Desekeoq's Book Shoppe.
 33569 | Vaults:1 | Noticed Jorgrun
 33589 | Vaults:1 | Killed Jorgrun
 34267 | Vaults:2 | Reached XP level 20. HP: 189/189 MP: 10/19
 34315 | Vaults:2 | Cast into level 2 of the Abyss (a deep elf sorcerer)
 34315 | Abyss:2  | Found a corrupted altar of Lugonu.
 34319 | Abyss:2  | Found a corrupted altar of Lugonu.
 34611 | Vaults:2 | Escaped the Abyss
 35230 | Vaults:2 | Found Poadeiqof's Antique Armour Shop.
 35968 | Vaults:3 | Noticed Donald
 35982 | Vaults:3 | Killed Donald
 35994 | Vaults:3 | Got an ichor-stained shield
 35995 | Vaults:3 | Identified the +5 shield of Ducuogag {Str+6 Int-5 Slay+3 SInv} (You took it off Donald on level 3 of the Vaults)
 36144 | Vaults:3 | Found a staircase to the Crypt.
 36335 | Vaults:3 | Got a smoking chain mail
 36336 | Vaults:3 | Identified the +0 chain mail of Valiance {rPois rC+ Str+2 Dex+2} (You found it on level 3 of the Vaults)
 36817 | Vaults:3 | Reached XP level 21. HP: 187/200 MP: 11/20
 37568 | Vaults:4 | Found Aheygumi's Weapon Shoppe.
 38375 | Vaults:5 | Entered Level 5 of the Vaults
 38397 | Vaults:4 | Reached skill level 15 in Armour
 39127 | Vaults:5 | Noticed a golden dragon
 39144 | Vaults:5 | Killed a golden dragon
 39164 | Vaults:5 | Paralysed by a sphinx for 2 turns
 39480 | Vaults:5 | Reached XP level 22. HP: 162/211 MP: 12/21
 39502 | Vaults:5 | Identified Joupeqag's Papyrus of Flying Good Luck
 39573 | Vaults:5 | Cast into level 3 of the Abyss (a deep elf sorcerer)
 39573 | Abyss:3  | Found a corrupted altar of Lugonu.
 39656 | Abyss:3  | Reached skill level 27 in Shields
 39769 | Vaults:5 | Escaped the Abyss
 39799 | Vaults:5 | Noticed a golden dragon
 39810 | Vaults:5 | Killed a golden dragon
 39812 | Vaults:5 | Noticed a golden dragon
 39812 | Vaults:5 | a shadow dragon changed into a golden dragon
 39816 | Vaults:5 | Noticed a shard shrike
 39816 | Vaults:5 | a golden dragon changed into a shard shrike
 39817 | Vaults:5 | a shard shrike changed into a titan
 39822 | Vaults:5 | Noticed a caustic shrike
 39822 | Vaults:5 | a hellephant changed into a caustic shrike
 39823 | Vaults:5 | a caustic shrike changed into an iron dragon
 40714 | Vaults:5 | Identified the Reference Book on Companions and Envenoming
 41061 | Vaults:5 | Got a silver rune of Zot
 41942 | Depths:4 | Noticed Sojobo
 42129 | Depths:4 | Killed Sojobo
 42407 | Depths:4 | Killed Margery
 42413 | Depths:4 | Reached XP level 23. HP: 214/222 MP: 13/22
 42633 | Depths:4 | Killed the Enchantress
 42670 | Depths:4 | Got faerie dragon scales
 43243 | Depths:5 | Entered Level 5 of the Depths
 43270 | Depths:5 | Got a vibrating iron ring
 43271 | Depths:5 | Identified the ring "Quetobor" {+Fly rC++ Dex+2 Slay+2 Stlth-} (You found it on level 5 of the Depths)
 43445 | Depths:5 | Paralysed by a great orb of eyes for 4 turns
 43671 | Depths:5 | Found Kuixuf's Demolitions Depot.
 43958 | Depths:5 | Found a gate to the Realm of Zot.
 44907 | Shoals:1 | Entered Level 1 of the Shoals
 45131 | Shoals:1 | Noticed SaltIsReal's ghost (adept OgAK)
 45149 | Shoals:1 | Killed SaltIsReal's ghost
 45323 | Shoals:1 | Found a shadowy altar of Dithmenos.
 46475 | Shoals:2 | Reached XP level 24. HP: 235/235 MP: 13/22
 46588 | Shoals:3 | Noticed Polyphemus
 46634 | Shoals:3 | Killed Polyphemus
 47473 | Shoals:4 | Entered Level 4 of the Shoals
 47557 | Shoals:4 | Noticed Ilsuiw
 47600 | Shoals:4 | Killed Ilsuiw
 47969 | Shoals:4 | Got a crude tin ring
 47970 | Shoals:4 | Identified the ring of Oveluaru {rCorr SInv} (You found it on level 4 of the Shoals)
 48003 | Shoals:4 | Got a barnacled rune of Zot
 48886 | Crypt:1  | Entered Level 1 of the Crypt
 49634 | Crypt:2  | Noticed Bai Suzhen
 49650 | Crypt:2  | Killed Bai Suzhen
 50395 | Crypt:2  | Noticed Boris
 50403 | Crypt:2  | Killed Boris
 50440 | Crypt:3  | Entered Level 3 of the Crypt
 50575 | Crypt:3  | Reached XP level 25. HP: 247/247 MP: 22/22
 50638 | Crypt:3  | Found a basalt altar of Yredelemnul.
 50826 | Crypt:3  | Reached skill level 15 in Dodging
 51228 | Crypt:3  | Noticed an ancient lich
 51241 | Crypt:3  | Killed an ancient lich
 51621 | Crypt:3  | Found a staircase to the Tomb.
 51847 | Crypt:3  | Reached skill level 27 in Long Blades
 51960 | Tomb:1   | Entered Level 1 of the Tomb of the Ancients
 52103 | Tomb:1   | Paralysed by a sphinx for 2 turns
 52191 | Tomb:1   | Paralysed by a sphinx for 2 turns
 52303 | Tomb:1   | Noticed a greater mummy
 52369 | Tomb:1   | Noticed a greater mummy
 52459 | Tomb:1   | Killed a greater mummy
 52494 | Tomb:1   | Noticed a greater mummy
 52553 | Tomb:1   | HP: 6/248 [emperor scorpion[a greater mummy] (11)]
 52554 | Tomb:1   | Engulfed by an ushabti's foul pestilence

Skill      XL: |  1  2  3  4  5  6  7  8  9 10 11 12 13 14 15 16 17 18 19 20 21 22 23 24 25 |
---------------+----------------------------------------------------------------------------+-----
Shields        | 4 5 6 7 9 11 12 14 15 17 19 20 21 23 24 25 26 27 | 27.0
Armour         | 4 5 6 7 8 9 10 12 13 14 15 16 17 18 | 18.8
Long Blades    | 3 4 5 6 8 11 12 13 14 15 16 17 18 19 20 21 22 25 26 27 | 27.0
Fighting       | 4 5 6 7 8 10 11 12 13 14 15 16 17 18 19 20 21 23 24 25 | 25.6
Dodging        | 1 2 3 4 5 6 8 9 10 11 12 13 14 15 | 15.3
Stealth        | 1 2 3 4 |  4.9
Short Blades   | 2 |  2.1
Evocations     | 1 2 3 |  3.6
Invocations    | |  0.8

Action                   |  1- 3 |  4- 6 |  7- 9 | 10-12 | 13-15 | 16-18 | 19-21 | 22-24 | 25-27 || total
-------------------------+-------+-------+-------+-------+-------+-------+-------+-------+-------++-------
Melee: Long sword        |    95 |   115 |   369 |   732 |  1440 |  1556 |  1827 |  1705 |   399 ||  8238
       Headbutt          |    10 |    18 |    75 |   192 |   437 |   629 |   740 |   746 |   167 ||  3014
       Dagger            |       |       |       |    26 |     4 |       |       |       |       ||    30
       Peck              |       |       |       |       |       |   292 |   716 |   684 |   146 ||  1838
Invok: Brand Weapon With |       |       |       |       |     1 |       |       |       |       ||     1
       Divine Shield     |       |       |       |       |       |     4 |     1 |       |       ||     5
Evoke: Wand              |       |       |       |       |     8 |    43 |     6 |       |     6 ||    63
       Sack of spiders   |       |       |       |       |     1 |     1 |       |       |       ||     2
       Disc of storms    |       |       |       |       |     1 |       |       |       |       ||     1
       Lamp of fire      |       |       |       |       |       |       |       |       |     1 ||     1
  Use: Scroll            |     4 |     5 |    12 |    23 |    18 |    16 |    14 |     8 |     5 ||   105
       Potion            |     1 |     7 |     3 |     8 |     3 |    11 |     5 |       |       ||    38
 Stab: Sleeping          |       |       |       |       |     1 |       |       |       |       ||     1
       Distracted        |       |       |       |       |       |     1 |       |     1 |       ||     2
       Petrified         |       |       |       |       |       |       |       |     4 |       ||     4
  Eat: Chunk             |       |     5 |    13 |    26 |    35 |    46 |    27 |    35 |     5 ||   192
       Fruit             |       |       |     1 |     2 |       |     8 |       |       |       ||    11
       Beef jerky        |       |       |       |       |       |     3 |       |       |       ||     3
       Royal jelly       |       |       |       |       |       |     1 |       |     1 |     1 ||     3
Armor: Scale mail        |    41 |    48 |    15 |     4 |       |       |       |       |       ||   108
       Ring mail         |       |     7 |    54 |    93 |    77 |       |       |       |       ||   231
       Animal skin       |       |       |       |     3 |       |       |       |       |       ||     3
       Steam dragon scal |       |       |       |       |    19 |    14 |       |       |       ||    33
       Crystal plate arm |       |       |       |       |       |   310 |   193 |       |       ||   503
       Chain mail        |       |       |       |       |       |       |    78 |   249 |    66 ||   393
Dodge: Dodged            |    29 |    41 |   121 |   183 |   438 |   592 |   593 |   873 |   169 ||  3039
Block: Shield            |    46 |    75 |   221 |   600 |  1317 |  1644 |  1681 |  1850 |   359 ||  7793
       Rpst.: Long sword |     5 |    14 |    37 |    39 |    90 |    84 |   103 |   127 |    30 ||   529
